 Dungeon Crawl Stone Soup version 0.30.1-3-gfc49f6343a (webtiles) character file.

Game seed: 8591579919196711328

96 KyoPewz the Cudgeller (level 4, -2/44 HPs)
             Began as an Ogre Gladiator on July 31, 2023.
             Slain by Terence
             ... wielding a +0 mace
              (7 damage)
             ... on level 2 of the Dungeon.
             The game lasted 00:03:55 (1878 turns).

KyoPewz the Cudgeller (Ogre Gladiator)              Turns: 1878, Time: 00:03:55

Health: -2/44      AC:  3    Str: 20    XL:     4   Next: 67%
Magic:  4/4        EV: 10    Int:  9    God:
Gold:   78         SH:  0    Dex: 10    Spells: 3/3 levels left

rFire   . . .        a - +0 flail
rCold   . . .        (no shield)
rNeg    . . .        b - +0 robe
rPois   .            c - +0 hat
rElec   .            (no cloak)
rCorr   .            (gloves unavailable)
SInv    .            (boots unavailable)
Will    .....        (no amulet)
Stlth   +            (no ring)
HPRegen 0.27/turn    (no ring)
MPRegen 0.09/turn

%: no passive effects
@: no status effects
A: large, unfitting armour, tough skin 1
a: no special abilities


You were on level 2 of the Dungeon.
You visited 1 branch of the dungeon, and saw 2 of its levels.

You collected 78 gold pieces.

Inventory:

Hand Weapons
 a - a +0 flail (weapon)
Missiles
 d - 3 throwing nets (quivered)
 h - 17 stones
 o - 4 atropa-tipped darts
 p - 4 curare-tipped darts
Armour
 b - a +0 robe (worn)
 c - a +0 hat (worn)
Scrolls
 f - a scroll of poison {unknown}
 g - a scroll of butterflies {unknown}
 j - 2 scrolls of amnesia {unknown}
 l - a scroll of noise {unknown}
 n - a scroll of teleportation {unknown}
 r - a scroll of identify {unknown}
 t - a scroll of torment {unknown}
Potions
 i - 2 potions of lignification {unknown}
 k - a potion of resistance {unknown}
 m - a potion of berserk rage {unknown}
 q - a potion of curing
 s - a potion of degeneration {unknown}
 u - 2 potions of heal wounds {unknown}


   Skills:
 - Level 2.6 Fighting
 + Level 3.9 Maces & Flails
 + Level 3.6 Throwing
 - Level 2.6 Dodging


You had 3 spell levels left.
You didn't know any spells.
Your spell library was empty.

Dungeon Overview and Level Annotations

Branches:
Dungeon (2/15)

Altars:
Uskayaw

Annotations:
D:2 Terence


Innate Abilities, Weirdness & Mutations

You are too large for most types of armour.
You have tough skin. (AC +1)


Message History

Terence appears confused.
Terence is lightly wounded.
You hit Terence.
Terence is moderately wounded.
Terence seems less confused.
Terence closely misses you. Terence barely misses you.
You closely miss Terence.
Terence is moderately wounded.
Terence hits you with a +0 mace.
A goblin comes into view. It is wielding a +0 club.
You take 1 damage, and have 15/44 hp.
You barely miss Terence.
Terence is moderately wounded.
The goblin shouts!
Terence barely misses you.
You hit Terence.
Terence is moderately wounded.
Terence is no longer blind.
Terence hits you with a +0 mace.
* * * LOW HITPOINT WARNING * * *
You take 5 damage, and have 10/44 hp.
Throw: 6 darts (curare)
Press: ? - help, Shift-Dir - straight line, f/p - Terence
Aim: Terence, wielding a +0 mace and wearing a +0 ring mail (moderately wounded, 61% to hit)
You throw a curare-tipped dart.
The curare-tipped dart barely misses Terence.
The curare-tipped dart hits the goblin.
The goblin is poisoned.
The goblin convulses.
You kill the goblin!
Terence hits you with a +0 mace.
* * * LOW HITPOINT WARNING * * *
You take 5 damage, and have 5/44 hp.
Throw: 5 darts (curare)
Press: ? - help, Shift-Dir - straight line, f/p - Terence
Aim: Terence, wielding a +0 mace and wearing a +0 ring mail (moderately wounded, 61% to hit)
You throw a curare-tipped dart. The curare-tipped dart hits Terence.
Terence is poisoned.
Terence convulses.
Terence seems to slow down.
Terence is heavily wounded.
Terence hits you with a +0 mace!
You die...

.... #.#..........#.##.
.. .....#.
#..............# ..
.....#.##.####>####.####
. ........#.####.# .#
..........#....####.#
........#..###......#
...........# #.######
.....#.##..###.# ### #.
#(.g@@.# #. ######## #.
## #. .# #. .# #. .[
.######## .g.g#####
.........


ggggg...# .######## #†# You could see Terence (very poisoned, slow) and a
goblin.

Vanquished Creatures
  Robin (D:1)
  3 adders (D:2)
  2 dart slugs
  6 ball pythons
  5 endoplasms
  13 goblins
  8 hobgoblins
  A quokka (D:1)
  4 bats
  3 frilled lizards
  4 kobolds
  A rat (D:1)
51 creatures vanquished.

Notes
Turn   | Place    | Note
-------+----------+-------------------------------------------
     0 | D:1      | KyoPewz the Ogre Gladiator began the quest for the Orb.
     0 | D:1      | Reached XP level 1. HP: 22/22 MP: 1/1
   187 | D:1      | Reached XP level 2. HP: 29/29 MP: 2/2
   689 | D:1      | Reached XP level 3. HP: 36/36 MP: 3/3
  1013 | D:2      | Noticed Robin
  1327 | D:1      | Killed Robin
  1402 | D:2      | Found a faded altar of an unknown god.
  1410 | D:2      | Found a hide-covered altar of Uskayaw.
  1451 | D:2      | Reached XP level 4. HP: 44/44 MP: 4/4
  1844 | D:2      | Noticed Terence
  1878 | D:2      | Slain by Terence

Illustrated notes

Levels and vault maps discovered:
D:1:      ncdulo_watergridlock, layout_loops_corners
D:2:      layout_loops_corners, basic_altar,
          shapermc_ecumenical_altar_mp_urbaneastern, grunt_decor_cap,
          uniq_terence, uniq_robin

Skill      XL: |  1  2  3 |
---------------+----------+-----
Maces & Flails | 3 |  3.9
Throwing       | 3 |  3.6
Fighting       | |  2.6
Dodging        | |  2.6

Action                     |  1- 3 |  4- 6 || total
---------------------------+-------+-------++-------
  Melee: Flail             |   100 |    65 ||   165
  Throw: Dart              |       |     4 ||     4
         Large rock        |       |     1 ||     1
   Stab: Sleeping          |     2 |       ||     2
 Armour: Robe              |    36 |    19 ||    55
  Dodge: Dodged            |    69 |    53 ||   122
